MWL (24 & UNDER)
CINCINNATI PRIDE @ ERIE JAXX
06/13/2024
 
TOP OF THE 1ST
Cincinnati Pride batting - Pitching for Erie Jaxx : RHP Luis De Los Ángeles
Pitching: RHP Luis De Los Ángeles
Batting: RHB Larry Booth 0-0: Ball
1-0: Ground out 1-3 (Groundball, 13S)
Batting: LHB Marvin Morris 0-0: Ball
1-0: Swinging Strike
1-1: Called Strike
1-2: Strikes out swinging
Batting: RHB Roberto Chávez 0-0: Called Strike
0-1: Swinging Strike
0-2: Ball
1-2: Strikes out looking
Top of the 1st over - 0 run(s), 0 hit(s), 0 error(s), 0 left on base; Cincinnati 0 - Erie 0
BOTTOM OF THE 1ST
Erie Jaxx batting - Pitching for Cincinnati Pride : LHP Joseph Byrne
Pitching: LHP Joseph Byrne
Batting: RHB Richard Bankhead 0-0: Ball
1-0: Ground out 5-3 (Groundball, 56)
Batting: RHB Juan Reyes 0-0: Ball
1-0: SINGLE (Groundball, 6MD)
Batting: LHB Mark Everett 0-0: Called Strike
0-1: Foul Ball, location: 2F
0-2: Ball
1-2: Foul Ball, location: 2F
1-2: Foul Ball, location: 2F
1-2: Strikes out swinging
Batting: LHB Jesús González 0-0: Ball
1-0: Swinging Strike
1-1: Foul Ball, location: 2F
1-2: Strikes out swinging
Bottom of the 1st over - 0 run(s), 1 hit(s), 0 error(s), 1 left on base; Cincinnati 0 - Erie 0
TOP OF THE 2ND
Cincinnati Pride batting - Pitching for Erie Jaxx : RHP Luis De Los Ángeles
Batting: RHB Randy Simons 0-0: Called Strike
0-1: Ball
1-1: Ball
2-1: Ball
3-1: Called Strike
3-2: Strikes out swinging
Batting: RHB Juan Martínez 0-0: Ball
1-0: Ball
2-0: Ground out 5-3 (Groundball, 5S)
Batting: LHB Wes Stone 0-0: Called Strike
0-1: Foul Ball, location: 2F
0-2: Strikes out swinging
Top of the 2nd over - 0 run(s), 0 hit(s), 0 error(s), 0 left on base; Cincinnati 0 - Erie 0
BOTTOM OF THE 2ND
Erie Jaxx batting - Pitching for Cincinnati Pride : LHP Joseph Byrne
Batting: RHB Luis Alou 0-0: Ball
1-0: Called Strike
1-1: Swinging Strike
1-2: Strikes out swinging
Batting: RHB Bo Vickers 0-0: Ball
1-0: Ground out 5-3 (Groundball, 56S)
Batting: RHB Raúl Bruno 0-0: Swinging Strike
0-1: Called Strike
0-2: Ball
1-2: Ground out 4-3 (Groundball, 4)
Bottom of the 2nd over - 0 run(s), 0 hit(s), 0 error(s), 0 left on base; Cincinnati 0 - Erie 0
TOP OF THE 3RD
Cincinnati Pride batting - Pitching for Erie Jaxx : RHP Luis De Los Ángeles
Batting: RHB Pablo Gómez 0-0: Called Strike
0-1: Ball
1-1: Swinging Strike
1-2: Ball
2-2: Foul Ball, location: 2F
2-2: Fly out, F7 (Line Drive, 7M)
Batting: RHB Wilson Flores 0-0: SINGLE (Line Drive, 5)
Batting: RHB Michael Skinner 0-0: Ball
Wilson Flores steals 2nd base
1-0: Ball
2-0: Ball
3-0: Base on Balls
Batting: RHB Larry Booth 0-0: Called Strike
Wilson Flores steals 3rd base
Michael Skinner to second
0-1: Foul Ball, location: 2F
0-2: Ball
1-2: Ball
2-2: Strikes out swinging
Batting: LHB Marvin Morris 0-0: Called Strike
0-1: Ball
1-1: Ball
2-1: Fly out, F8 (Flyball, 8RXD)
Top of the 3rd over - 0 run(s), 1 hit(s), 0 error(s), 2 left on base; Cincinnati 0 - Erie 0
BOTTOM OF THE 3RD
Erie Jaxx batting - Pitching for Cincinnati Pride : LHP Joseph Byrne
Batting: RHB Raúl Ruíz 0-0: Called Strike
0-1: Ball
1-1: Foul Ball, location: 2F
1-2: Foul Ball, location: 2F
1-2: Ground out 4-3 (Groundball, 34)
Batting: SHB Ben Marks 0-0: Called Strike
0-1: Foul Ball, location: 2F
0-2: Foul Ball, location: 2F
0-2: Ball
1-2: SINGLE (Groundball, 3D)
Batting: RHB Richard Bankhead 0-0: Called Strike
0-1: Foul Ball, location: 2F
0-2: DOUBLE (Flyball, 9M)
Ben Marks to third
Runner from 3rd tries for Home, SAFE, no throw or cutoff
Batting: RHB Juan Reyes 0-0: Ball
1-0: Ball
2-0: DOUBLE (Line Drive, 78M)
Richard Bankhead scores
Batting: LHB Mark Everett 0-0: Called Strike
0-1: Ball
1-1: Ball
2-1: Called Strike
2-2: Foul Ball, location: 2F
2-2: Ball
3-2: Foul Ball, location: 2F
3-2: Base on Balls
Batting: LHB Jesús González 0-0: Foul Ball, location: 2F
0-1: Ball
1-1: Called Strike
1-2: SINGLE (Flyball, 7S)
Juan Reyes to third
Mark Everett to second
Runner from 3rd tries for Home, SAFE, throw made home
Mark Everett to third
Jesús González to second
Batting: RHB Luis Alou 0-0: Ball
1-0: Fly out, F2 (Popup, 2RF)
Batting: RHB Bo Vickers 0-0: Ground out 5-3 (Groundball, 5S)
Bottom of the 3rd over - 3 run(s), 4 hit(s), 0 error(s), 2 left on base; Cincinnati 0 - Erie 3
TOP OF THE 4TH
Cincinnati Pride batting - Pitching for Erie Jaxx : RHP Luis De Los Ángeles
Batting: RHB Roberto Chávez 0-0: Ground out 4-3 (Groundball, 4M)
Batting: RHB Randy Simons 0-0: Called Strike
0-1: Called Strike
0-2: Ball
1-2: Ball
2-2: Foul Ball, location: 2F
2-2: Foul Ball, location: 2F
2-2: Foul Ball, location: 2F
2-2: Ground out U3 (Groundball, 3)
Batting: RHB Juan Martínez 0-0: Called Strike
0-1: Ball
1-1: Fly out, F9 (Flyball, 9S)
Top of the 4th over - 0 run(s), 0 hit(s), 0 error(s), 0 left on base; Cincinnati 0 - Erie 3
BOTTOM OF THE 4TH
Erie Jaxx batting - Pitching for Cincinnati Pride : LHP Joseph Byrne
Batting: RHB Raúl Bruno 0-0: Ball
1-0: Ball
2-0: SINGLE (Line Drive, 7S)
Batting: RHB Raúl Ruíz 0-0: Called Strike
0-1: Ball
1-1: Fly out, F4 (Line Drive, 4)
Batting: SHB Ben Marks 0-0: Ball
1-0: Ball
2-0: Called Strike
2-1: Called Strike
2-2: Ball
3-2: Foul Ball, location: 2F
3-2: Foul Ball, location: 2F
3-2: Base on Balls
Raúl Bruno to second
Batting: RHB Richard Bankhead 0-0: Called Strike
0-1: Ball
1-1: Fly out, F6 (Popup, 6M)
Batting: RHB Juan Reyes 0-0: Ball
1-0: SINGLE (Line Drive, 56)
Raúl Bruno to third
Ben Marks to second
Runner from 3rd tries for Home, SAFE, no throw or cutoff
Batting: LHB Mark Everett 0-0: Ball
1-0: Ball
2-0: Called Strike
2-1: Foul Ball, location: 2F
2-2: Ball
3-2: SINGLE (Line Drive, 8LS)
Ben Marks to third
Juan Reyes to second
Ben Marks scores
Juan Reyes to third
Batting: LHB Jesús González 0-0: SINGLE (Groundball, 3D)
Juan Reyes scores
Mark Everett to second
Runner from 2nd tries for 3rd, SAFE, throw made to third
Batting: RHB Luis Alou 0-0: Ball
1-0: Called Strike
1-1: Ball
2-1: Ground out 2-3 (Groundball, 25)
Bottom of the 4th over - 3 run(s), 4 hit(s), 0 error(s), 2 left on base; Cincinnati 0 - Erie 6
TOP OF THE 5TH
Cincinnati Pride batting - Pitching for Erie Jaxx : RHP Luis De Los Ángeles
Batting: LHB Wes Stone 0-0: Foul Ball, location: 2F
0-1: Called Strike
0-2: Foul Ball, location: 2F
0-2: Ball
1-2: Strikes out swinging
Batting: RHB Pablo Gómez 0-0: Called Strike
0-1: Ball
1-1: Ground out 4-3 (Groundball, 34)
Batting: RHB Wilson Flores 0-0: Ball
1-0: Foul Ball, location: 2F
1-1: Ball
2-1: Called Strike
2-2: Strikes out swinging
Top of the 5th over - 0 run(s), 0 hit(s), 0 error(s), 0 left on base; Cincinnati 0 - Erie 6
BOTTOM OF THE 5TH
Erie Jaxx batting - Pitching for Cincinnati Pride : LHP Joseph Byrne
Pitching: RHP Fernando Silva
Batting: RHB Bo Vickers 0-0: Called Strike
0-1: Ball
1-1: Ball
2-1: Foul Ball, location: 2F
2-2: Strikes out swinging
Batting: RHB Raúl Bruno 0-0: Ball
1-0: Ball
2-0: Ball
3-0: Called Strike
3-1: Fly out, F9 (Flyball, 89M)
Batting: RHB Raúl Ruíz 0-0: Called Strike
0-1: Swinging Strike
0-2: Ball
1-2: Foul Ball, location: 2F
1-2: Foul Ball, location: 2F
1-2: Fly out, F7 (Flyball, 7LM)
Bottom of the 5th over - 0 run(s), 0 hit(s), 0 error(s), 0 left on base; Cincinnati 0 - Erie 6
TOP OF THE 6TH
Cincinnati Pride batting - Pitching for Erie Jaxx : RHP Luis De Los Ángeles
Batting: RHB Michael Skinner 0-0: Fly out, F8 (Flyball, 8RS)
Batting: RHB Larry Booth 0-0: Ball
1-0: Foul Ball, location: 2F
1-1: Ball
2-1: Ball
3-1: Base on Balls
Batting: LHB Marvin Morris 0-0: Ball
Larry Booth steals 2nd base
1-0: Ball
2-0: Ball
3-0: Called Strike
3-1: Ground out 1-3 (Groundball, 13)
Larry Booth to third
Batting: RHB Roberto Chávez 0-0: Ball
1-0: DOUBLE (Line Drive, 9LD)
Larry Booth scores
Batting: RHB Randy Simons 0-0: Ball
1-0: Ground out 5-3 (Groundball, 56S)
Top of the 6th over - 1 run(s), 1 hit(s), 0 error(s), 1 left on base; Cincinnati 1 - Erie 6
BOTTOM OF THE 6TH
Erie Jaxx batting - Pitching for Cincinnati Pride : RHP Fernando Silva
Batting: SHB Ben Marks 0-0: Called Strike
0-1: Ball
1-1: Ball
2-1: Fly out, F8 (Flyball, 8LM)
Batting: RHB Richard Bankhead 0-0: Called Strike
0-1: Ball
1-1: Ball
2-1: Ball
3-1: SINGLE (Groundball, 6MD)
Batting: RHB Juan Reyes 0-0: Ball
1-0: Called Strike
1-1: Fly out, F7 (Line Drive, 78S)
Batting: LHB Mark Everett 0-0: Ball
Wild Pitch!
Richard Bankhead to second
1-0: Ground out 4-3 (Groundball, 4)
Bottom of the 6th over - 0 run(s), 1 hit(s), 0 error(s), 1 left on base; Cincinnati 1 - Erie 6
TOP OF THE 7TH
Cincinnati Pride batting - Pitching for Erie Jaxx : RHP Luis De Los Ángeles
Batting: RHB Juan Martínez 0-0: Fly out, F8 (Flyball, 8RM)
Batting: LHB Wes Stone 0-0: Called Strike
0-1: Foul Ball, location: 2F
0-2: Strikes out swinging
Batting: RHB Pablo Gómez 0-0: Ball
1-0: Ball
2-0: Called Strike
2-1: Ball
3-1: Called Strike
3-2: Ground out 6-3 (Groundball, 6)
Top of the 7th over - 0 run(s), 0 hit(s), 0 error(s), 0 left on base; Cincinnati 1 - Erie 6
BOTTOM OF THE 7TH
Erie Jaxx batting - Pitching for Cincinnati Pride : RHP Fernando Silva
Pitching: RHP Darrell Stanley
Batting: LHB Jesús González 0-0: Called Strike
0-1: Foul Ball, location: 2F
0-2: SINGLE (Flyball, 78S)
Batting: RHB Luis Alou 0-0: Ball
1-0: Fielders Choice at 2nd, 5-4 (Groundball, 5L)
Batting: RHB Bo Vickers 0-0: Ball
1-0: Ball
2-0: SINGLE (Line Drive, 4MD)
Luis Alou to second
Batting: RHB Raúl Bruno 0-0: Called Strike
0-1: Ball
1-1: Ball
2-1: SINGLE (Flyball, 78M)
Luis Alou to third
Bo Vickers to second
Batting: RHB Raúl Ruíz 0-0: Ball
1-0: Ball
2-0: Ball
3-0: Called Strike
3-1: Ground out 3-1 (Groundball, 34)
Luis Alou scores
Bo Vickers to third
Raúl Bruno to second
Batting: SHB Ben Marks 0-0: Called Strike
0-1: Called Strike
0-2: Ball
1-2: Foul Ball, location: 2F
1-2: Foul Ball, location: 2F
1-2: Ball
2-2: Ball
3-2: Ground out 4-3 (Groundball, 4)
Bottom of the 7th over - 1 run(s), 3 hit(s), 0 error(s), 2 left on base; Cincinnati 1 - Erie 7
TOP OF THE 8TH
Cincinnati Pride batting - Pitching for Erie Jaxx : RHP Luis De Los Ángeles
Pitching: RHP Pedro Mendoza
Batting: RHB Wilson Flores 0-0: Ball
1-0: Swinging Strike
1-1: Fly out, F8 (Flyball, 8LM)
Batting: RHB Michael Skinner 0-0: Ball
1-0: Swinging Strike
1-1: Foul Ball, location: 2F
1-2: Foul Ball, location: 2F
1-2: Ball
2-2: DOUBLE (Line Drive, 56D)
Batting: RHB Larry Booth 0-0: Called Strike
0-1: Ball
1-1: Called Strike
1-2: Ground out 5-3 (Groundball, 5S)
Michael Skinner to third
Batting: LHB Marvin Morris 0-0: Fly out, F7 (Flyball, 7M)
Top of the 8th over - 0 run(s), 1 hit(s), 0 error(s), 1 left on base; Cincinnati 1 - Erie 7
BOTTOM OF THE 8TH
Erie Jaxx batting - Pitching for Cincinnati Pride : RHP Darrell Stanley
Batting: RHB Richard Bankhead 0-0: Called Strike
0-1: Called Strike
0-2: Strikes out swinging
Batting: RHB Juan Reyes 0-0: Ball
1-0: Foul Ball, location: 2F
1-1: Foul Ball, location: 2F
1-2: Foul Ball, location: 2F
1-2: Strikes out swinging
Batting: LHB Mark Everett 0-0: SINGLE (Line Drive, 8RS)
Batting: LHB Jesús González 0-0: Called Strike
0-1: Swinging Strike
0-2: Strikes out swinging
Bottom of the 8th over - 0 run(s), 1 hit(s), 0 error(s), 1 left on base; Cincinnati 1 - Erie 7
TOP OF THE 9TH
Cincinnati Pride batting - Pitching for Erie Jaxx : RHP Pedro Mendoza
Now in CF: José Darias
Batting: RHB Roberto Chávez 0-0: Called Strike
0-1: Foul Ball, location: 2F
0-2: Foul Ball, location: 2F
0-2: Strikes out looking
Batting: RHB Randy Simons 0-0: Called Strike
0-1: Foul Ball, location: 2F
0-2: Fly out, F8 (Flyball, 8RD)
Batting: RHB Juan Martínez 0-0: Ball
1-0: Called Strike
1-1: Ball
2-1: Foul Ball, location: 2F
2-2: Strikes out swinging
Top of the 9th over - 0 run(s), 0 hit(s), 0 error(s), 0 left on base; Cincinnati 1 - Erie 7
This league is powered by Out of the Park Baseball, the baseball management simulation game for PC, Mac and Linux
Saturday, April 9th, 2016 - OOTP Baseball 16.8 Build 38